Unix NetHack Version 3.7.0-95 Work-in-progress - last build Jan 1 2024 20:51:50 (6a0ccc5fa2390e420dd2d488a2f9488d2ae3a63b,branch:master). Game began 2024-01-10 13:19:07, ended 2024-01-11 08:20:19. elenmirie, lawful female human Knight ---------------- # --------------- ------------- |`..........<...# ####...............###############-...........| |...{..........|# #####-.............| |...........| |...........(..|#### % |..........e...### |...........| ---------------- # |.........)*..|###############............| # ## --------.------# ------------- #### ##### ############ # # # --.--- # # |...[-# # )---------- |....|### #+).........######### |....|## ######|.)..>....| ####### |....| % ##########-[........| ## ------ |....| ###------ # # |....%..._| #####|....| ------ #-...(| # #####-...@[.u..| #-....| |(....####### |..o...%).| |....| |....| -------+--- |....| -|---- ------ Elenmirie the Esquire St:14 Dx:9 Co:13 In:9 Wi:15 Ch:17 Lawful Dlvl:5 $:99 HP:0(47) Pw:47(47) AC:1 Xp:5/311 T:2308 Latest messages: The Uruk-hai thrusts her orcish short sword. The Uruk-hai hits! The Uruk-hai shoots 2 poisoned orcish arrows! The 1st poisoned orcish arrow hits the Uruk-hai. The poison doesn't seem to affect the Uruk-hai. The Uruk-hai is killed! The 2nd poisoned orcish arrow misses you. Arod drops a poisoned orcish arrow. The Uruk-hai picks up an orcish helm. You find a hidden door. The Uruk-hai puts on an orcish helm. The Uruk-hai picks up an orcish cloak. The Uruk-hai removes an orcish cloak and puts on an orcish cloak. The Uruk-hai picks up an orcish short sword. Arod misses the Uruk-hai. Arod bites the Uruk-hai. The Uruk-hai picks up a pair of iron shoes. Arod misses the Uruk-hai. Arod bites the Uruk-hai. Arod misses the Uruk-hai. Arod bites the Uruk-hai. The Uruk-hai hits Arod. The Uruk-hai picks up a poisoned orcish arrow. The Uruk-hai picks up a poisoned orcish arrow. The Uruk-hai puts on a pair of iron shoes. The Uruk-hai misses! You miss the Uruk-hai. You hit the Uruk-hai! You kill the Uruk-hai! The Uruk-hai shoots 2 poisoned orcish arrows! You are hit by the 1st poisoned orcish arrow. You hear the howling of the CwnAnnwn... The 2nd poisoned orcish arrow misses you. Arod picks up a poisoned orcish arrow. Arod drops a poisoned orcish arrow. A poisoned orcish arrow lands on the altar. Arod picks up an uncursed poisoned orcish arrow. Arod drops an uncursed poisoned orcish arrow. You see here an Uruk-hai corpse. The Uruk-hai wields an orcish short sword! Arod picks up an uncursed poisoned orcish arrow. You hit the Uruk-hai! The Uruk-hai thrusts her orcish short sword. The Uruk-hai hits! You die... Do you want your possessions identified? [ynq] (y) y Do you want to see your attributes? [ynq] (y) y Do you want an account of creatures vanquished? [ynaq] (y) y Do you want to see your conduct and achievements? [ynq] (y) y Do you want to see the dungeon overview? [ynq] (y) y Inventory: Coins $ - 99 gold pieces Weapons a - an uncursed +1 long sword (weapon in right hand) b - an uncursed +1 lance (alternate weapon; not wielded) Armor d - a blessed +0 helmet (being worn) f - an uncursed +0 pair of leather gloves (being worn) p - an uncursed +0 pair of water walking boots (being worn) e - an uncursed +0 small shield (being worn) k - an uncursed +0 elven mithril-coat (being worn) Comestibles g - 8 uncursed apples h - 11 uncursed carrots Scrolls s - 2 uncursed scrolls of blank paper o - a blessed scroll of light l - an uncursed scroll of stinking cloud Potions q - an uncursed potion of healing m - an uncursed potion of sickness Tools n - an uncursed expensive camera (0:76) Elenmirie the Knight's attributes: Background: You were an Esquire, a level 5 female human Knight. You were lawful, on a mission for Lugh who was opposed by Brigit (neutral) and Manannan Mac Lir (chaotic). You were right-handed. You were in the Dungeons of Doom, on level 5. You entered the dungeon 2308 turns ago. There was a new moon in effect when your adventure ended. You had 311 experience points, 9 more were needed to attain level 6. Basics: You had 0 out of 47 hit points. You had all 47 energy points (spell power). Your armor class was 1. Your wallet contained 99 zorkmids. Autopickup was on for '$' plus thrown. Final Characteristics: Your strength was 14 (limit:18/100). Your dexterity was 9 (limit:18). Your constitution was 13 (limit:18). Your intelligence was 9 (limit:18). Your wisdom was 15 (limit:18). Your charisma was 17 (limit:18). Final Status: You weren't hungry. You were unencumbered. You were wielding a long sword. You were skilled in long sword. Final Attributes: You were piously aligned. You could jump. You could walk on water. You were guarded. You are dead. Miscellaneous: You never encountered a bones level. Total elapsed playing time was 56 minutes and 5 seconds. Major events: Turn 1: elenmirie the lawful female human Knight entered the dungeon 935: attained the rank of Esquire (level 3) 2308: killed by an Uruk-hai Vanquished creatures: a leprechaun 7 Uruk-hai a gnome leader a paper golem a floating eye a kitten a dwarf a kobold leader 5 hill orcs 2 giant bats 2 dwarf zombies 3 iguanas a gas spore 2 hobbits a giant rat a brown mold 4 geckos a fox a kobold a goblin 6 sewer rats a bat 2 lichens a kobold zombie a newt 49 creatures vanquished. No species were genocided or became extinct. Voluntary challenges: You were illiterate. You never engraved Elbereth. You never genocided any monsters. You never polymorphed an object. You never changed form. You used no wishes. Achievements: You entered a shop. You attained the rank of Esquire. The Dungeons of Doom: levels 1 to 6 Level 1: Level 2: A grave. Level 3: Many altars, a sink. Level 4: A fountain. Level 5: <- You were here. An altar, a fountain. Final resting place for you, killed by an Uruk-hai. Level 6: Game over: ---------- / \ / REST \ / IN \ / PEACE \ / \ | elenmirie | | 99 Au | | killed by an | | Uruk-hai | | | | | | 2024 | *| * * * | * _________)/\\_//(\/(/\)/\//\/|_)_______ Fare thee well elenmirie the Knight... You died in The Dungeons of Doom on dungeon level 5 with 1584 points, and 99 pieces of gold, after 2308 moves. You were level 5 with a maximum of 47 hit points when you died.